 Dungeon Crawl Stone Soup version 0.31-a0-799-g6bc09d010c (webtiles) character file.

Game seed: 15302001075320745674

2 cforsyth the Sneak (level 1, -3/20 HPs)
             Began as a Djinni Delver on Sept 20, 2023.
             Slain by Blork the orc
             ... wielding a +0 dire flail
              (9 damage)
             ... in the Ecumenical Temple.
             The game lasted 00:00:25 (34 turns).

cforsyth the Sneak (Djinni Delver)                    Turns: 34, Time: 00:00:26

Health: -3/20      AC:  3    Str: 11    XL:     1   Next: 44%
Gold:   0          EV: 12    Int: 11    God:
                   SH:  0    Dex: 14

rFire   + + .        a - +0 falchion
rCold   x . .        (no shield)
rNeg    . . .        b - +0 leather armour
rPois   ∞            (no helmet)
rElec   .            (no cloak)
rCorr   .            (no gloves)
SInv    .            (boots unavailable)
Will    .....        (no amulet)
Stlth   ++           (no ring)
HPRegen 0.23/turn    (no ring)
MPRegen 0.00/turn

%: infuse magic (-4 HP)
@: flying, hasted, very quick
A: sickness immunity, fire resistance 2, cold vulnerability 1, float, innate
caster, HP casting, extra vitality 1
a: no special abilities


You were in the Ecumenical Temple.
You visited 2 branches of the dungeon, and saw 3 of its levels.

Inventory:

Hand Weapons
 a - a +0 falchion (weapon)
Armour
 b - a +0 leather armour (worn)
Wands
 g - a wand of digging (3)
Scrolls
 c - a scroll of fog
 d - a scroll of revelation
 h - a scroll of blinking {unknown}


   Skills:
 + Level 3.0 Fighting
 - Level 1.7 Long Blades
 - Level 2.1 Dodging
 - Level 4.1 Stealth
 + Level 0.1 Spellcasting
 + Level 0.1 Conjurations
 + Level 0.1 Hexes
   Level 0.0 Charms
 + Level 0.1 Summonings
 + Level 0.1 Necromancy
 + Level 0.1 Translocations
 + Level 0.1 Transmutations
 + Level 0.1 Fire Magic
 + Level 0.1 Ice Magic
 + Level 0.1 Air Magic
 + Level 0.1 Earth Magic
 + Level 0.1 Poison Magic You didn't know any spells. Your spell library was empty.

Dungeon Overview and Level Annotations

Branches:
Dungeon (5/15)             Temple (1/1) D:4

Altars:
Elyvilon
Gozag
Hepliaklqana
Makhleb
Nemelex Xobeh
Okawaru
Qazlal
Xom
Zin
The Shining One

Annotations:
Temple Blork the orc


Innate Abilities, Weirdness & Mutations

You are immune to sickness and miasma.
You are immune to poison.
Your flesh is very heat resistant. (rF++)
You are vulnerable to cold. (rC-)
You float through the air rather than walking.
You learn spells naturally, not from books.
Your magical power is your life essence.
You have superior vitality. (+4 MHP)


Message History

h - a scroll labelled TODABY MANOWK A shadow imp comes into view.
There is a stone staircase leading down here.
There is a stone staircase leading up here.
You fly upwards.
Found a ring mail.
There is a stone staircase leading down here.
You can't go up here!
You can't go up here!
You can't go up here!
An orc priest comes into view. It is wielding a +0 club.
Found a scroll labelled TODABY MANOWK.
Found a staircase to the Ecumenical Temple.
The dart slug barely misses you.
You hit the dart slug.
The dart slug is severely wounded.
The dart slug bites you.
You hit the dart slug.
The dart slug is severely wounded.
The dart slug closely misses you.
You hit the dart slug.
You kill the dart slug!
The orc priest shouts!
You hear a shout!
As you read the scroll of fear, it crumbles to dust.
You assume a fearsome visage.
The orc priest looks frightened!
Blork the orc comes into view.
He is wielding a +0 dire flail and wearing a +2 robe of willpower.
A quokka comes into view.
Blork the orc frowns.
There is a staircase to the Ecumenical Temple here.
Blork the orc hits you with a +0 dire flail!
Ouch! That really hurt!
* * * LOW HITPOINT WARNING * * *
You fly downwards.
Welcome to the Ecumenical Temple!
Found a staircase back to the Dungeon.
There is a staircase back to the Dungeon here.
You feel yourself speed up. Blork the orc misses you.
Found a hazy altar of Hepliaklqana.
Blork the orc attacks as he pursues you!
Blork the orc hits you with a +0 dire flail!
You die...

♣♣♣♣ ♣♣♣♣ ♣_.♣♣ ♣♣._♣
♣♣..♣♣ ♣♣..♣♣ ♣♣♣
♣♣..♣♣ ♣♣..♣♣ ♣♣♣ ♣_♣♣
♣♣..♣♣♣♣♣..♣♣ ♣♣_♣
♣..♣♣ ♣♣...<...♣♣ ♣♣..♣
♣♣..♣♣♣.....o..♣♣♣♣..♣♣
♣♣..♣....###@..♣♣..♣♣
♣♣....###.###....♣♣
♣♣...#_..._#...♣♣
♣..##.....##..♣
♣∩.+..._...#.∩♣
♣..##.....##..♣
♣♣...#_..._#...♣♣
♣♣....###.###....♣♣
♣♣..♣♣...###....♣..♣♣


You could see Blork the orc.

Vanquished Creatures
  A dart slug (D:4)
1 creature vanquished.

Notes
Turn   | Place    | Note
-------+----------+-------------------------------------------
     0 | D:5      | cforsyth the Djinni Delver began the quest for the Orb.
     0 | D:5      | Reached XP level 1. HP: 20/20 MP: 0/0
    14 | D:4      | Found a staircase to the Ecumenical Temple.
    14 | D:4      | Noticed an orc priest
    28 | D:4      | Noticed Blork the orc
    31 | Temple   | Entered the Ecumenical Temple
    34 | Temple   | Slain by Blork the orc

Illustrated notes

Levels and vault maps discovered:
D:4:      kennysheep_six_static_rooms, layout_basic,
          minmay_temple_entry_proselytizer, ebering_ghost_sewer_d,
          serial_park_tiny_1, uniq_robin, uniq_blork_the_orc
D:5:      minmay_clustersquares, layout_basic,
          chequers_temple_overflow_statue_of_worship, uniq_crazy_yiuf_cottage
Temple:   hellmonk_temple_forest_ring

Action                     || total
---------------------------++-------
  Melee: Falchion          ||     3
    Use: Scroll            ||     1
         Potion            ||     1
 Armour: Leather armour    ||     3
  Dodge: Dodged            ||     3

Table legend: (Time is in decaauts)
 A = Elapsed time spent in this place.
 B = Non-inter-level travel time spent in this place.
 C = Inter-level travel time spent in this place.
 D = Time resting spent in this place.
 E = Time spent auto-exploring this place.
 F = Levels seen in this place.
 G = Mean time per level.
                   A        B        C        D        E       F      G
               +--------+--------+--------+--------+--------+-----+--------+
         Total |     33 |     33 |      0 |      0 |      2 |   3 |   11.0 |
       Dungeon |     31 |     31 |      0 |      0 |      2 |   2 |   15.5 |
        Temple |      2 |      2 |      0 |      0 |      0 |   1 |    2.0 |
               +--------+--------+--------+--------+--------+-----+--------+

Top non-repeatable levels by time:
     D:4: 18 daAuts
     D:5: 13 daAuts
  Temple: 2 daAuts
